AoeStats
← GermanWolf7

Black Forest

510288141Analyzed
4v4 RM · 13h ago on Sep 30, 2026· 71m 53s· 8 players
Game mode
Random Map
Map size
Large (8 player)
Population
200
Speed
Normal
Resources
Standard
Victory
Conquest
Starting age
Dark Age
Ending age
Imperial Age
RankedLock teamsTeams togetherTeam positionsShared explorationLock speedFull tech treeHidden civsTurbo modeCheats
Victory
Defeat
🇹🇷 Persians · Türkiye
1076
+14
🇷🇴 Celts · Romania
1073
+14
🇳🇱 Poles · Netherlands
1051
+15
🇩🇪 Romans · Germany
1009
+17
🇨🇳 Saracens · China
1105
-18
1063
-16
🇲🇽 Malians · Mexico
1006
-14
🇫🇷 Huns · France
958
-12
GermanWolf7
0:37 Loom
12:30 Feudal Age
13:58 Wheelbarrow
13:12 Double-Bit Axe
13:14 Horse Collar
21:23 Castle Age
22:29 Bow Saw
24:04 Hand Cart
23:46 Gold Mining
24:04 Heavy Plow
35:43 Imperial Age
33:29 Squires
36:24 Forging
36:20 Scale Barding Armor
36:16 Scale Mail Armor
36:06 Fletching
36:23 Heavy Scorpion
39:05 Caravan
49:15 Man-at-Arms
51:01 Chemistry
50:38 Iron Casting
50:23 Chain Barding Armor
50:19 Chain Mail Armor
50:00 Bodkin Arrow
50:34 Conscription
49:45 Sappers
50:38 Long Swordsman
52:33 Legionary
65:33 Blast Furnace
65:09 Plate Barding Armor
64:47 Fortified Wall
64:48 Masonry
64:44 Siege Engineers
HardstyleHunter
5:23 Loom
13:00 Feudal Age
14:30 Double-Bit Axe
14:45 Horse Collar
17:13 Castle Age
19:00 Bow Saw
18:58 Heavy Plow
21:25 Wheelbarrow
24:51 Hand Cart
25:02 Bloodlines
24:52 Husbandry
28:57 Imperial Age
28:05 Gold Mining
28:06 Stone Mining
29:53 Stone Shaft Mining
30:12 Scale Barding Armor
30:18 Forging
32:30 Conscription
32:36 Lechitic Legacy
32:22 Szlachta Privileges
32:52 Crop Rotation
33:47 Chain Barding Armor
34:02 Iron Casting
33:10 Treadmill Crane
35:50 Husbandry
36:01 Bloodlines
35:12 Light Cavalry
35:13 Cavalier
36:26 Winged Hussar
38:34 Blast Furnace
39:52 Hoardings
40:29 Chemistry
39:36 Siege Engineers
50:01 Fortified Wall
49:46 Murder Holes
50:12 Ballistics
50:13 Bombard Tower
50:04 Masonry
51:43 Elite Obuch
MCMLXX
0:56 Loom
12:35 Feudal Age
20:34 Castle Age
19:31 Double-Bit Axe
20:27 Stone Mining
21:24 Gold Mining
22:07 Fletching
23:13 Horse Collar
25:18 Heavy Plow
25:48 Fishing Lines
26:24 Bow Saw
27:26 Caravan
32:49 Imperial Age
31:37 Wheelbarrow
32:27 Stronghold
32:37 Bodkin Arrow
32:31 Town Watch
34:09 Conscription
35:43 Heavy Scorpion
37:38 Conscription
38:44 Hand Cart
39:30 Furor Celtica
40:39 Town Patrol
41:51 Ballistics
43:01 Chemistry
42:55 Siege Engineers
43:03 Fortified Wall
42:53 Murder Holes
42:57 Onager
44:25 Siege Onager
48:19 Stone Shaft Mining
52:03 Masonry
itsapencilcase
2:17 Loom
12:35 Feudal Age
13:28 Double-Bit Axe
13:25 Horse Collar
16:46 Castle Age
15:11 Gold Mining
15:12 Stone Mining
22:58 Heavy Plow
23:14 Bow Saw
25:19 Wheelbarrow
25:36 Wheelbarrow
24:47 Town Watch
25:22 Heavy Plow
25:56 Fletching
27:27 Hand Cart
27:58 Gold Shaft Mining
28:25 Stone Shaft Mining
29:11 Padded Archer Armor
29:06 Bodkin Arrow
29:47 Elite Skirmisher
30:32 Thumb Ring
29:50 Crossbowman
30:34 Kamandaran
31:12 Leather Archer Armor
31:07 Scale Barding Armor
31:12 Forging
34:19 Imperial Age
33:58 Fervor
33:52 Pikeman
34:32 Squires
34:18 Arson
35:10 Ring Archer Armor
34:42 Scale Mail Armor
35:04 Conscription
34:53 Murder Holes
35:08 Masonry
36:05 Hoardings
34:54 Elite War Elephant
35:58 Chain Barding Armor
36:13 Iron Casting
35:03 Halberdier
35:43 Squires
38:04 Architecture
38:10 Gambesons
38:42 Chain Mail Armor
39:02 Plate Barding Armor
37:59 Elite Skirmisher
42:26 Plate Mail Armor
42:56 Blast Furnace
44:45 Two-Man Saw
Vtinglove
12:14 Feudal Age
14:01 Loom
16:28 Castle Age
15:34 Double-Bit Axe
15:31 Horse Collar
16:42 Fishing Lines
17:38 Bow Saw
20:03 Gillnets
22:23 Heavy Plow
24:08 Town Watch
24:59 Wheelbarrow
25:13 Gold Mining
25:17 Stone Mining
26:36 Hand Cart
28:55 Gold Shaft Mining
32:04 Imperial Age
30:28 Caravan
31:23 Ballistics
32:16 Fletching
32:35 Scale Barding Armor
32:40 Forging
32:18 Elite Mameluke
33:08 Counterweights
33:19 Conscription
34:07 Hoardings
34:42 Chemistry
33:32 Arrowslits
35:34 Onager
37:24 Siege Onager
47:01 Two-Man Saw
50:06 Siege Engineers
49:56 Murder Holes
50:12 Masonry
54:10 Bodkin Arrow
54:15 Padded Archer Armor
54:37 Chain Barding Armor
54:53 Iron Casting
55:50 Heavy Camel Rider
57:39 Plate Barding Armor
57:14 Bracer
57:30 Leather Archer Armor
57:35 Bloodlines
57:25 Husbandry
58:09 Light Cavalry
60:15 Ring Archer Armor
59:47 Scale Mail Armor
60:47 Blast Furnace
61:26 Blast Furnace
60:29 Scale Mail Armor
60:45 Fortified Wall
60:24 Crossbowman
61:09 Thumb Ring
63:02 Arbalester
APC
0:37 Loom
13:03 Feudal Age
13:41 Double-Bit Axe
14:35 Wheelbarrow
17:42 Town Watch
18:57 Horse Collar
19:14 Gold Mining
21:49 Stone Mining
24:10 Castle Age
23:41 Scale Barding Armor
23:47 Forging
25:22 Hand Cart
26:00 Town Patrol
31:39 Gold Shaft Mining
31:22 Bow Saw
31:17 Heavy Plow
32:45 Marauders
33:03 Husbandry
33:14 Bloodlines
33:48 Iron Casting
37:17 Imperial Age
40:26 Pikeman
41:06 Squires
42:33 Halberdier
49:42 Caravan
等我直帝进供给你们
ULIVS96
0:36 Loom
10:50 Feudal Age
17:59 Castle Age
16:02 Double-Bit Axe
16:01 Horse Collar
16:38 Gold Mining
17:33 Stone Mining
21:24 Treadmill Crane
23:49 Wheelbarrow
26:29 Ballistics
28:33 Hand Cart
28:33 Scale Barding Armor
28:38 Forging
29:58 Heavy Plow
30:11 Bow Saw
34:47 Imperial Age
33:24 Bloodlines
33:15 Husbandry
34:10 Iron Casting
33:42 Fletching
33:52 Padded Archer Armor
35:06 Chain Barding Armor
35:37 Scale Mail Armor
36:45 Conscription
36:37 Thumb Ring
35:53 Crossbowman
37:04 Farimba
37:58 Chain Mail Armor
37:23 Arbalester
39:37 Bodkin Arrow
39:58 Leather Archer Armor
39:20 Elite Gbeto
39:52 Heavy Camel Rider
44:48 Plate Barding Armor
50:31 Plate Mail Armor
50:31 Ring Archer Armor
53:09 Tigui
54:36 Squires
54:22 Arson
59:09 Light Cavalry
66:20 Chemistry
Connection lost

Rejoining the realm…

Still unreachable

The connection could not be restored.

Session expired

The server has moved on; the page needs a fresh start.